 Dungeon Crawl Stone Soup version 0.28.0-1-gb440e238dd (webtiles) character file.

Game seed: 429347479742338299

109 MacCMillion the Skirmisher (level 4, 0/41 HPs)
             Began as a Minotaur Fighter on Feb 21, 2022.
             Slain by an orc wizard (2 damage)
             ... on level 3 of the Dungeon.
             The game lasted 00:03:15 (2222 turns).

MacCMillion the Skirmisher (Minotaur Fighter)       Turns: 2222, Time: 00:03:15

Health: 0/41       AC:  7    Str: 23    XL:     4   Next: 59%
Magic:  3/3        EV:  9    Int:  5    God:
Gold:   85         SH:  4    Dex:  9    Spells: 3/3 levels left

rFire   + . .      SeeInvis .   a - +0 war axe
rCold   + . .      Faith    .   c - +0 buckler
rNeg    . . .      Spirit   .   b - +0 scale mail
rPois   +          Reflect  .   (helmet restricted)
rElec   +          Harm     .   (no cloak)
rCorr   +          Rampage  .   (no gloves)
Will    .....                   (no boots)
Stlth   ..........              (no amulet)
HPRegen 0.13/turn               (no ring)
MPRegen 0.08/turn               (no ring)

@: brilliant, resistant, hasted, very quick
A: horns 2, retaliatory headbutt
a: no special abilities


You were on level 3 of the Dungeon.
You visited 1 branch of the dungeon, and saw 3 of its levels.

You collected 85 gold pieces.

Inventory:

Hand Weapons
 a - a +0 war axe (weapon)
Armour
 b - a +0 scale mail (worn)
 c - a +0 buckler (worn)
Jewellery
 i - a ring of magical power
 o - a ring of protection from cold
Scrolls
 e - 2 scrolls of identify {unknown}
 f - a scroll of enchant weapon {unknown}
 g - 2 scrolls of teleportation {unknown}
 h - a scroll of enchant armour {unknown}
 l - a scroll of blinking {unknown}
Potions
 d - a potion of might


   Skills:
 + Level 4.7 Fighting
 + Level 3.8 Axes
 + Level 4.6 Armour
 - Level 4.0 Shields


You had 3 spell levels left.
You didn't know any spells.
Your spell library contained the following spells:

 Spells                   Type           Power      Damage    Failure   Level
 Inner Flame              Hex/Fire       0%         N/A       99%         3
 Cause Fear               Hex            0%         N/A       100%        4
 Discord                  Hex            0%         N/A       100%        8


Dungeon Overview and Level Annotations

Branches:
Dungeon (3/15)

Altars:


Innate Abilities, Weirdness & Mutations

You have a pair of horns on your head.
You reflexively headbutt those who attack you in melee.


Message History

You feel protected. Something hits you but does no damage.
Unknown command.
It was a potion of haste.
You feel yourself speed up. Something hits you but does no damage.
Unknown command.
It was a potion of brilliance.
You feel clever all of a sudden.
Unknown command.
It was a potion of curing.
You feel better.
You hear some strange, mumbled words.
A puff of flame appears from out of thin air!
The puff of flame misses you.
You barely miss something. Your headbutt misses something.
You hear some strange, mumbled words.
Something tries to affect you, but you resist.
You barely miss something. Your headbutt misses something.
You closely miss something. Your headbutt misses something.
You hear some strange, mumbled words.
A puff of flame appears from out of thin air!
The puff of flame misses you.
You closely miss something. Something hits you but does no damage.
You closely miss something. Your headbutt misses something.
You hear some strange, mumbled words.
Something tries to affect you, but you resist.
You barely miss something.
You hear some strange, mumbled words.
A magic dart appears from out of thin air!
The magic dart hits you!
* * * LOW HITPOINT WARNING * * *
You closely miss something. Something hits you.
* * * LOW HITPOINT WARNING * * *
It was a potion of magic.
Magic courses through your body.
Unknown command.
You feel better. Something hits you.
* * * LOW HITPOINT WARNING * * *
You barely miss something. Your headbutt misses something.
Something hits you but does no damage.
You barely miss something. Your headbutt misses something. Something hits you.
You die...

.............##.#
..........)..##.#
................####
...#.....#######...#
...#.....######.._.#
...+.####.........^#
...#.##............#
.. #+##............#
..........)@..#
..........{...#
..................
..............####
.........######
.......!.#
.........# ........#


There were no monsters in sight!

Vanquished Creatures
  2 adders (D:2)
  4 gnolls
  2 orcs (D:3)
  8 endoplasms
  A giant cockroach (D:1)
  3 goblins
  3 hobgoblins
  5 jackals (D:1)
  3 kobolds (D:1)
  A quokka (D:1)
  2 ball pythons
  2 bats
  9 frilled lizards
  6 rats
51 creatures vanquished.

Vanquished Creatures (others)
  4 toadstools (D:1)
4 creatures vanquished.

Grand Total: 55 creatures vanquished

Notes
Turn   | Place    | Note
-------+----------+-------------------------------------------
     0 | D:1      | MacCMillion the Minotaur Fighter began the quest for the
                  | Orb.
     0 | D:1      | Reached XP level 1. HP: 19/19 MP: 0/0
   149 | D:1      | Reached XP level 2. HP: 27/27 MP: 1/1
   674 | D:1      | Reached XP level 3. HP: 27/33 MP: 2/2
  1814 | D:2      | Reached XP level 4. HP: 24/41 MP: 0/3
  2181 | D:3      | Found a faded altar of an unknown god.
  2207 | D:3      | HP: 1/41 [something/puff of flame (5)]
  2217 | D:3      | HP: 2/41 [something/magic dart (8)]
  2222 | D:3      | Slain by an orc wizard

Illustrated notes

Levels and vault maps discovered:
D:1:      ldierk_water_garden, layout_basic
D:2:      layout_basic
D:3:      layout_basic, xom_butterflies, ebering_ecumenical_altar_webs

Skill      XL: |  1  2 |
---------------+-------+-----
Fighting       | 4 |  4.7
Armour         | 4 |  4.6
Shields        | 4 |  4.0
Axes           | 3 |  3.8

Action                   |  1- 3 |  4- 6 || total
-------------------------+-------+-------++-------
Melee: War axe           |    88 |    42 ||   130
       Headbutt          |     7 |     3 ||    10
  Use: Potion            |       |     6 ||     6
Armor: Scale mail        |    37 |    22 ||    59
Dodge: Dodged            |    42 |    11 ||    53
Block: Buckler           |    22 |     7 ||    29
